Unix NetHack Version 5.0.0-0 post-release - last build May 23 2026 06:08:33 (1c0ff79ee797540d5714e4e18072db0edd9e58ae,branch:main).

Game began 2026-05-23 18:42:40, ended 2026-05-23 19:55:05.

Brudee, neutral female human Tourist

      ----
      |..|                                  ----        -------
      |..--                                 |..|        |..--.---
      |...|                                --..--       |f...^..-----
      |...|       ----                     |....|       --@--.|.....|
   ----...--      |..--   ---              |...-|        |o|-----...|
   |.......----   |...-- --.---------      |....|        |.|    |)|.---
   |..........|   ---..|--...--.....------ ----.|       --G|   --.|...--
   ---........----  --.||............--..--   |.|       |.d|   |...--..----
     |.........|.----|.--.................|   |.|       |.--   |.[........|
    --...............|................-...|  --.|   ##  |.|    --.|.......----
    |.......................--..-........-----..|###  # |.|     |.|-...).))..--
   --........................|-.....----........#----  #|.|     |.---...|.....|
   |.........................|......|  ------...--..|   #.|    ##[.....---...--
   |........---.--..................--     --...<...----|.#   0 ----.--- |...|
   ---.....-- -----........>.........--    |...........|-.-###     |.--  -----
     --....|      ----................--  --.....-----.|...--      |..|
      ------         ---...............|  |......|   |......|      |..|
                       --........|.....|  |..|.---   --...---      |..|
                        |..--.|.---.----  ------      --.--        ----
                        --------- ---                  ---
Brudee the Excursionist     St:15 Dx:10 Co:18 In:14 Wi:6 Ch:13  Neutral S:2456
Dlvl:6  $:221 HP:0(61) Pw:23(23) AC:5  Xp:6/544 T:3679  Lev

Latest messages:
 You hear the howling of the CwnAnnwn...
 Are you sure you want to pray? [yn] (n) y
 You begin praying to The Lady.
 You are surrounded by a shimmering light.
 You finish your prayer.
 You feel that The Lady is well-pleased.
 You feel much better.
 You switch to your primary weapon.
 The gnome lord swings his bow.
 The gnome lord hits!
 You hit the gnome lord!
 Your hands no longer glow so brightly red.
 The gnome lord appears confused.
 The gnome lord swings his bow.
 The gnome lord hits!
 You kill the gnome lord!
 You cannot reach the floor.
 The jaguar misses!
 The jaguar hits!
 The jaguar bites!
 The dwarf wields a dagger!
 What do you want to use or apply? [il-oszPQTZ or ?*] ?
 In what direction? y
 The flash of light shines on the jaguar.
 The jaguar hits!
 The jaguar hits again!
 The jaguar bites!
 The dwarf thrusts his dagger.
 The dwarf hits!
 The jaguar hits!
 The jaguar hits again!
 The jaguar bites!
 You kill the dwarf!
 The jaguar hits!
 The jaguar hits again!
 The jaguar bites!
 The hill orc hits!
 The gnome throws a dart!
 The dart hits the hill orc.
 The jaguar misses!
 The jaguar hits!
 The jaguar bites!
 What do you want to use or apply? [il-oszPQTZ or ?*] l
 In what direction? y
 The flash of light shines on the jaguar.
 The hill orc hits!
 You die...
 Do you want your possessions identified? [ynq] (y) y
 Do you want to see your attributes? [ynq] (y) y
 Do you want an account of creatures vanquished? [ynaq] (y) q

Inventory:
 Coins    ('$')
  $ - 221 gold pieces
 Weapons  (')')
  a - 13 +2 darts (at the ready)
  A - 10 blessed +0 shuriken
  x - 17 +0 shuriken
  z - a rustproof +0 axe (alternate weapon; not wielded)
  o - a +4 axe (weapon in left hand)
 Armor    ('[')
  Y - an uncursed rusty +0 dwarvish iron helm (being worn)
  U - a cursed -5 pair of fumble boots (being worn)
  N - a blessed +0 pair of jumping boots
  M - an uncursed +1 alchemy smock with text "Gehennom's Kitchen" (being worn)
  k - an uncursed +0 Hawaiian shirt with a toucan motif
  e - an uncursed +0 dwarvish mithril-coat (being worn)
 Comestibles  ('%')
  c - 9 uncursed food rations
  f - an uncursed sprig of wolfsbane
  g - an uncursed tin of broiled kobold meat
  d - an uncursed tin of dried lichen
  b - 5 uncursed eggs
 Scrolls  ('?')
  j - 3 uncursed scrolls of magic mapping
 Spellbooks  ('+')
  Q - an uncursed spellbook of charm monster
  s - an uncursed spellbook of detect food
  P - an uncursed spellbook of light
 Potions  ('!')
  D - an uncursed potion of full healing
  p - an uncursed potion of hallucination
  v - an uncursed potion of healing
  h - an uncursed potion of oil
 Rings    ('=')
  E - an uncursed ring of levitation (on right hand)
  q - an uncursed ring of shock resistance
 Wands    ('/')
  T - a wand of light (0:14)
 Tools    ('(')
  Z - an uncursed brass lantern (lit)
  m - an uncursed credit card
  l - an expensive camera (0:76)
  n - an uncursed leash
  i - an uncursed pair of lenses (being worn)
 Gems/Stones  ('*')
  F - an uncursed worthless piece of black glass
  W - an uncursed worthless piece of white glass

Brudee the Tourist's attributes:

Background:
 You were an Excursionist, a level 6 female human Tourist.
 You were neutral, on a mission for The Lady
 who was opposed by Blind Io (lawful) and Offler (chaotic).
 You were left-handed.
 You were in the Gnomish Mines, on level 6.
 You entered the dungeon 3679 turns ago.
 You had 544 experience points, 96 more were needed to attain level 7.
 Your score was 2456 before end-of-game adjustments.

Basics:
 You had 0 out of 61 hit points.
 You had all 23 energy points (spell power).
 Your armor class was 5.
 Your wallet contained 221 zorkmids.
 Autopickup was on for '$!=+?/"' plus thrown.

Final Characteristics:
 Your strength was 15 (limit:18/100).
 Your dexterity was 10 (limit:18).
 Your constitution was 18 (limit:18).
 Your intelligence was 14 (limit:18).
 Your wisdom was 6 (limit:18).
 Your charisma was 13 (limit:18).

Final Status:
 You were levitating.
 You fumbled.
 You weren't hungry.
 You were unencumbered.
 You were wielding an axe.
 You had basic skill with axe.

Final Attributes:
 You were piously aligned.
 You were cold resistant.
 You were poison resistant.
 You were acid resistant.
 Your items were protected from acid.
 You would have confused monsters when hitting them.
 You were guarded.
 You are dead.

Miscellaneous:
 You didn't encounter any bones levels.
 Total elapsed playing time was 1 hour, 12 minutes and 24 seconds.

Major events:
 Turn
    1: Brudee the neutral female human Tourist entered the dungeon
 1021: entered the Gnomish Mines
 1021: attained the rank of Sightseer (level 3)
 2982: attained the rank of Excursionist (level 6)
 3679: killed by a hill orc

You didn't know any spells.

Skills:
 Fighting Skills
   bare handed combat [Unskilled]
   two weapon combat  [Basic]
   riding             [Unskilled]
 Weapon Skills
   dagger             [Unskilled]
   knife              [Unskilled]
   axe                [Basic]
   pick-axe           [Unskilled]
   short sword        [Unskilled]
   broadsword         [Unskilled]
   long sword         [Unskilled]
   two-handed sword   [Unskilled]
   saber              [Unskilled]
   mace               [Unskilled]
   morning star       [Unskilled]
   flail              [Unskilled]
   hammer             [Unskilled]
   quarterstaff       [Unskilled]
   polearms           [Unskilled]
   spear              [Unskilled]
   trident            [Unskilled]
   lance              [Unskilled]
   bow                [Unskilled]
   sling              [Unskilled]
   crossbow           [Unskilled]
   dart               [Basic]
   shuriken           [Unskilled]
   boomerang          [Unskilled]
   whip               [Unskilled]
   unicorn horn       [Unskilled]
 Spellcasting Skills
   divination spells  [Unskilled]
   enchantment spells [Unskilled]
   escape spells      [Unskilled]

Voluntary challenges:
 Character rerolling was not enabled.
 You never genocided any monsters.
 You never polymorphed an object.
 You never changed form.
 You used no wishes.
Achievements:
 You entered a shop.
 You entered the Gnomish Mines.
 You attained the rank of Sightseer.
 You attained the rank of Excursionist.

 The Dungeons of Doom: levels 1 to 4
    Level 1:
       Many fountains.
    Level 2:
       A weapon shop, a fountain, a grave.
    Level 3:
       Stairs down to The Gnomish Mines.
    Level 4:
 The Gnomish Mines: levels 4 to 6
    Level 4:
    Level 5:
    Level 6: <- You were here.
       Final resting place for
          you, killed by a hill orc.


Vanquished creatures:
  a small mimic
  5 gnome leaders
  2 gray oozes
  7 dwarves
  3 hill orcs
  a giant bat
 an iguana
  2 acid blobs
  a gas spore
  4 hobbits
  a hobgoblin
  a giant rat
  3 cave spiders
  2 yellow molds
  2 green molds
 24 gnomes
  a gnome zombie
  2 geckos
  4 jackals
  2 foxes
  3 kobolds
  3 goblins
 14 grid bugs
  2 bats
  7 lichens
  2 kobold zombies
  4 newts
104 creatures vanquished.

No species were genocided or became extinct.

Game over:
                       ----------
                      /          \
                     /    REST    \
                    /      IN      \
                   /     PEACE      \
                  /                  \
                  |      Brudee      |
                  |      221 Au      |
                  | killed by a hill |
                  |       orc        |
                  |                  |
                  |                  |
                  |       2026       |
                 *|     *  *  *      | *
        _________)/\\_//(\/(/\)/\//\/|_)_______

Aloha Brudee the Tourist...

You died in The Gnomish Mines on dungeon level 6 with 2456 points,
and 221 pieces of gold, after 3679 moves.
You were level 6 with a maximum of 61 hit points when you died.

